 Seeded DCSS version 0.28.0-45-g0d030f2227 (webtiles) character file.

Game seed: 193561 (custom seed)

81 xaos the Covered (level 4, -7/35 HPs)
             Began as a Human Fighter on Apr 24, 2022.
             Mangled by a gnoll
             ... wielding a +0 flail
              (11 damage)
             ... on level 1 of the Dungeon.
             The game lasted 00:06:52 (4656 turns).

xaos the Covered (Human Fighter)                    Turns: 4656, Time: 00:06:53

Health: -7/35      AC: 12    Str: 18    XL:     4   Next: 67%
Magic:  4/4        EV:  5    Int:  8    God:
Gold:   50         SH:  5    Dex: 13    Spells: 3/3 levels left

rFire   + . .      SeeInvis .   h - +0 dagger (vamp)
rCold   . . .      Faith    .   c - +0 buckler
rNeg    . . .      Spirit   .   k - +1 plate armour {rF+}
rPois   +          Reflect  .   (no helmet)
rElec   .          Harm     .   (no cloak)
rCorr   .          Rampage  .   (no gloves)
Will    .....                   (no boots)
Stlth   ..........              (no amulet)
HPRegen 0.11/turn               g - ring of poison resistance
MPRegen 0.09/turn               (no ring)

@: no status effects
A: no striking features
a: no special abilities


You were on level 1 of the Dungeon.
You visited 1 branch of the dungeon, and saw 2 of its levels.

You collected 50 gold pieces.

Inventory:

Hand Weapons
 a - a +0 long sword
 h - a +0 vampiric dagger (weapon)
Armour
 b - a +0 scale mail
 c - a +0 buckler (worn)
 f - a +0 ring mail
 k - a +1 plate armour of fire resistance (worn)
Magical Staves
 i - a staff of death
Jewellery
 g - a ring of poison resistance (left hand)
Scrolls
 e - a scroll of blinking {unknown}
 j - a scroll of summoning {unknown}
Potions
 d - a potion of might


   Skills:
 + Level 3.4 Fighting
 + Level 0.2(1.5) Short Blades
 + Level 2.4 Long Blades
 + Level 3.7 Armour
 + Level 1.2 Dodging
 + Level 0.1 Stealth
 + Level 3.4 Shields


You had 3 spell levels left.
You didn't know any spells.
Your spell library was empty.

Dungeon Overview and Level Annotations

Branches:
Dungeon (2/15)

Altars:


Message History

The gnoll is heavily wounded.
The gnoll hits you with a +0 flail! The gnoll barely misses you.
There is a stone staircase leading down here.
There is an open door here.
You see here an adder skeleton.
There is a stone staircase leading up here.
Your library has no spells.
The gnoll hits you but does no damage.
You climb upwards.
There is a stone staircase leading down here.
You see here a +0 short sword.
You barely miss the gnoll.
The gnoll is moderately wounded.
The gnoll hits you but does no damage.
You closely miss the gnoll.
The gnoll is moderately wounded.
You hit the gnoll but do no damage.
The gnoll is moderately wounded.
The gnoll hits you with a +0 flail.
You hit the gnoll.
You feel better.
The gnoll is heavily wounded.
The gnoll hits you but does no damage.
You hit the gnoll but do no damage.
The gnoll is heavily wounded.
The gnoll hits you but does no damage.
You barely miss the gnoll.
The gnoll is heavily wounded.
The gnoll hits you but does no damage.
You hit the gnoll.
You feel better.
The gnoll is heavily wounded.
The gnoll hits you with a +0 flail.
You hit the gnoll but do no damage.
The gnoll is heavily wounded.
The gnoll hits you with a +0 flail!
* * * LOW HITPOINT WARNING * * *
You barely miss the gnoll.
The gnoll is heavily wounded.
The gnoll hits you with a +0 flail!
You die...

### ..###### ..#....#
..#....# ..#....#
..#....##############
.........#..........#
..#....#.......g@...#
..............).....#
.#####.###......)...#
..# #.# #..........#
#.# #.# ###..#######
#.# #.# #..# #.# #.#
###..#
..####.###....###
................#


You could see a gnoll.

Vanquished Creatures
  2 adders (D:2)
  A gnoll (D:2)
  2 endoplasms (D:1)
  5 goblins (D:1)
  6 hobgoblins
  8 jackals
  5 quokkas
  5 ball pythons
  2 bats
  4 frilled lizards
  5 kobolds (D:1)
  2 rats (D:1)
47 creatures vanquished.

Notes
Turn   | Place    | Note
-------+----------+-------------------------------------------
     0 | D:1      | xaos the Human Fighter began the quest for the Orb.
     0 | D:1      | Reached XP level 1. HP: 18/18 MP: 1/1
   313 | D:1      | Reached XP level 2. HP: 4/24 MP: 2/2
  1113 | D:1      | Reached XP level 3. HP: 29/29 MP: 3/3
  2865 | D:2      | Reached skill level 1 in Dodging
  2985 | D:2      | Reached XP level 4. HP: 23/35 MP: 4/4
  4656 | D:1      | Mangled by a gnoll

Illustrated notes

Levels and vault maps discovered:
D:1:      dpeg_arrival_water_fire, layout_rooms
D:2:      layout_loops_corners

Skill      XL: |  1  2  3 |
---------------+----------+-----
Dodging        | 1 |  1.2
Fighting       | |  3.4
Short Blades   | |  0.2
Long Blades    | |  2.4
Armour         | |  3.7
Stealth        | |  0.1
Shields        | |  3.4

Action                   |  1- 3 |  4- 6 || total
-------------------------+-------+-------++-------
Melee: Long sword        |    58 |       ||    58
       Dagger            |   115 |   109 ||   224
Armor: Ring mail         |    77 |    25 ||   102
       Plate armour      |       |    26 ||    26
Dodge: Dodged            |    96 |    46 ||   142
Block: Buckler           |    51 |    22 ||    73
